 Dungeon Crawl Stone Soup version 0.24.0-123-gd5b16e6ec5 (webtiles) character file.

Game seed: 11829738844213921105, levelgen mode: deterministic

291 ekorren the Ducker (level 6, -6/28 HPs)
             Began as a Spriggan Venom Mage on Jan 12, 2020.
             Mangled by a kobold
             ... wielding a +1 whip of electrocution
              (15 damage)
             ... on level 3 of the Dungeon.
             The game lasted 00:19:22 (2164 turns).

ekorren the Ducker (Spriggan Venom Mage)            Turns: 2164, Time: 00:19:22

Health: -6/28      AC:  3    Str:  4    XL:     6   Next: 10%
Magic:  1/13       EV: 20    Int: 19    God:
Gold:   112        SH:  0    Dex: 16    Spells: 9/13 levels left

rFire    . . .     SeeInvis +   h - +0 dagger
rCold    . . .     Gourm    .   (shield restricted)
rNeg     . . .     Faith    .   a - +0 robe
rPois    .         Spirit   .   (helmet restricted)
rElec    .         Reflect  .   o - +0 cloak
rCorr    .         Harm     .   (gloves unavailable)
MR       +....                  (boots unavailable)
Stlth    ++........             (no amulet)
HPRegen  0.09/turn              (no ring)
MPRegen  0.13/turn              (no ring)

@: very quick
A: very small, unfitting armour, see invisible, herbivore, speed 3, slow
metabolism 2
a: no special abilities


You were on level 3 of the Dungeon.
You were not hungry.

You visited 1 branch of the dungeon, and saw 3 of its levels.

You collected 112 gold pieces.

Inventory:

Hand Weapons
 e - a +0 club
 h - a +0 dagger (weapon)
 n - a +2 hunting sling of flaming
Missiles
 f - 106 stones (quivered)
 g - 6 sling bullets
 t - 9 boomerangs
Armour
 a - a +0 robe (worn)
 o - a +0 cloak (worn)
Wands
 q - a wand of flame (26)
 s - a wand of paralysis (6)
Scrolls
 b - a scroll of fear {unknown}
 d - 2 scrolls of amnesia {unknown}
 i - 4 scrolls of identify {unknown}
 j - 2 scrolls of blinking {unknown}
 m - a scroll of teleportation {unknown}
 r - a scroll of enchant armour {unknown}
Potions
 k - a potion of brilliance {unknown}
 l - a potion of cancellation {unknown}
 p - 3 potions of curing {unknown}
Comestibles
 c - 6 rations


   Skills:
 + Level 4.9 Dodging
 - Level 3.0 Stealth
 + Level 4.2 Spellcasting
 * Level 2.9 Conjurations
 + Level 4.0 Poison Magic


You had 9 spell levels left.
You knew the following spells:

 Your Spells              Type           Power        Failure   Level  Hunger
a - Sting                 Conj/Pois      ###.         3%          1    None
b - Mephitic Cloud        Conj/Pois/Air  ##......     16%         3    ###....

Your spell library contained the following spells:

 Spells                   Type           Power        Failure   Level  Hunger
 Poisonous Vapours        Pois/Air       ##....       9%          2    #......
 Olgreb's Toxic Radiance  Pois           ###.....     26%         4    ####...
 Venom Bolt               Conj/Pois      ###.......   65%         5    ######.


Dungeon Overview and Level Annotations

Branches:
Dungeon (3/15)

Altars:
Dithmenos
Hepliaklqana
The Shining One

Annotations:
D:2 Crazy Yiuf
D:3 Grinder, Natasha


Innate Abilities, Weirdness & Mutations

You are very small and have problems with some larger weapons.
You are too small for most types of armour.
You have supernaturally acute eyesight. (SInv)
You are a herbivore.
You cover ground extremely quickly.
You need to consume almost no food.


Message History

You hit the kobold.
The kobold is heavily wounded.
The kobold barely misses you.
You hit the kobold but do no damage.
The kobold is heavily wounded.
The kobold barely misses you.
You hit the kobold but do no damage.
The kobold is heavily wounded.
The kobold hits you but does no damage.
You completely miss the kobold.
The kobold is heavily wounded.
The kobold completely misses you.
You hit the kobold but do no damage.
The kobold is heavily wounded.
The kobold barely misses you.
You completely miss the kobold.
The kobold is heavily wounded.
The kobold hits you but does no damage.
You are electrocuted!
Ouch! That really hurt!
You die...

#......# #.# #..##..# #.#
#..##..# #.# #.
#.###..##..# #.# #.
#......)...# #.#
#.###.###..#...#####.#
..... #............#
#...#####.#...###########
#.#...........K@.().(...#
##...####.........######.#
............#####.# #.#
.###........#####.######.#
.# ######.#...........##.#
.########.#.#####.###.##.#
..).......#.# #.# #.#
.##########.# #.# #.####
............# #.# #....#


You could see a kobold.

Vanquished Creatures
  Sigmund (D:2)
  An orc priest (D:3)
  Terence (D:3)
  An orc wizard (D:3)
  A worm (D:3)
  2 dart slugs
  5 leopard geckos
  6 orcs (D:3)
  A ball python (D:1)
  4 bats
  2 giant cockroaches
  7 goblins
  4 hobgoblins
  A quokka (D:3)
  10 frilled lizards (D:1)
  6 kobolds
  7 rats
60 creatures vanquished.

Notes
Turn   | Place    | Note
-------+----------+-------------------------------------------
     0 | D:1      | ekorren the Spriggan Venom Mage began the quest for the
                  | Orb.
     0 | D:1      | Reached XP level 1. HP: 9/9 MP: 5/5
   167 | D:1      | Reached skill level 1 in Conjurations
   230 | D:1      | Reached XP level 2. HP: 12/13 MP: 0/6
   569 | D:1      | Reached XP level 3. HP: 7/16 MP: 1/8
   574 | D:1      | Learned a level 3 spell: Mephitic Cloud
   919 | D:2      | Noticed Sigmund
   934 | D:2      | Killed Sigmund
   934 | D:2      | Reached XP level 4. HP: 21/21 MP: 0/10
   934 | D:2      | Reached XP level 5. HP: 24/24 MP: 0/11
  1020 | D:2      | Found a glowing golden altar of the Shining One.
  1038 | D:2      | Found a shadowy altar of Dithmenos.
  1240 | D:2      | Found a runed translucent door.
  1241 | D:2      | Noticed Crazy Yiuf
  1508 | D:3      | Noticed Grinder
  1509 | D:3      | Noticed Natasha
  1514 | D:3      | Noticed Terence
  1605 | D:3      | Found a hazy altar of Hepliaklqana.
  2098 | D:3      | Reached XP level 6. HP: 7/28 MP: 2/13
  2148 | D:3      | Killed Terence
  2164 | D:3      | Mangled by a kobold

Levels and vault maps discovered:
D:1:      nzn_arrival_depleted_hourglass, layout_rooms, minmay_lizard_king
D:2:      layout_loops_ring, overflow_temple_1_default,
          overflow_temple_1_default, first_ration, uniq_sigmund,
          uniq_crazy_yiuf_cottage
D:3:      layout_loops_ring, marbit_many_paths, elyvilon_altar_5,
          serial_bayou_pond_e, serial_bayou_pond_d, uniq_natasha, uniq_jessica,
          uniq_ijyb, uniq_grinder, uniq_terence

Skill      XL: |  1  2  3  4  5 |
---------------+----------------+-----
Conjurations   | 1 2 |  2.9
Spellcasting   | 3 4 |  4.2
Dodging        | 4 |  4.9
Poison Magic   | 4 |  4.0
Stealth        | |  3.0

Action                   |  1- 3 |  4- 6 || total
-------------------------+-------+-------++-------
Melee: Dagger            |    46 |    28 ||    74
       Unarmed           |     1 |       ||     1
 Cast: Sting             |    53 |    80 ||   133
       Mephitic Cloud    |     1 |       ||     1
Armor: Robe              |     5 |     3 ||     8
Dodge: Dodged            |    41 |    31 ||    72
